 Dungeon Crawl Stone Soup version 0.19.4-8-ga85b6b9 (webtiles) character file.

92 shpingle the Skirmisher (level 4, -1/48 HPs)
             Began as an Ogre Arcane Marksman on Feb 13, 2017.
             Slain by a gnoll
             ... wielding a +0 spear
              (9 damage)
             ... on level 2 of the Dungeon.
             The game lasted 00:11:18 (2375 turns).

shpingle the Skirmisher (Ogre Arcane Marksman)      Turns: 2375, Time: 00:11:19

Health: -1/48      AC:  3    Str: 16    XL:     4   Next: 60%
Magic:  5/6        EV: 10    Int: 12    God:
Gold:   134        SH:  0    Dex: 10    Spells: 2 memorised, 2 levels left

rFire  + . .     SeeInvis .     a - +0 whip
rCold  . . .     Gourm    .     w - +0 robe
rNeg   . . .     Faith    .     (no shield)
rPois  .         Spirit   .     (helmet restricted)
rElec  .         Reflect  .     (no cloak)
rCorr  .         Harm     .     (gloves unavailable)
MR     .....                    (boots unavailable)
Stlth  +.........               (no amulet)
                                k - ring of protection from fire
                                j - ring of flight

@: no status effects
A: unfitting armour, tough skin 1
a: Evoke Flight


You were on level 2 of the Dungeon.
You were not hungry.

You visited 1 branch of the dungeon, and saw 2 of its levels.

You collected 134 gold pieces.

Inventory:

Hand Weapons
 a - a +0 whip (weapon)
 b - a +2 hunting sling of velocity
Missiles
 c - 4 large rocks
 d - 2 throwing nets
 s - 24 stones (quivered)
Armour
 w - a +0 robe (worn)
Jewellery
 j - a ring of flight (left hand)
 k - a ring of protection from fire (right hand)
Scrolls
 l - a scroll of remove curse {unknown}
 o - 2 scrolls of fog {unknown}
 p - a scroll of teleportation {unknown}
 q - 5 scrolls of identify {unknown}
 x - 2 scrolls of recharging {unknown}
Potions
 g - a potion of invisibility {unknown}
 h - a potion of agility {unknown}
 t - a potion of brilliance {unknown}
 z - a potion of cure mutation {unknown}
Books
 y - a book of Debilitation

   Spells                             Type                      Level
   a - Corona                         Hexes                        1
   b - Slow                           Hexes                        2
   c - Gell's Gravitas                Hexes/Translocation          3
   d - Inner Flame                    Hexes/Fire                   3
   e - Cause Fear                     Hexes                        4
   f - Leda's Liquefaction            Hexes/Earth                  4
Comestibles
 f - a bread ration
 u - a beef jerky


   Skills:
 + Level 3.6 Fighting
 * Level 3.4 Maces & Flails
 - Level 2.0 Throwing
 - Level 2.1 Dodging
 + Level 1.4 Spellcasting
 - Level 2.1 Hexes


You had 2 spell levels left.
You knew the following spells:

 Your Spells              Type           Power        Failure   Level  Hunger
a - Corona                Hex            #......      12%         1    ##.....
b - Slow                  Hex            #.......     17%         2    ###....


Dungeon Overview and Level Annotations

Branches:
Dungeon (2/15)

Altars:
Xom


Innate Abilities, Weirdness & Mutations

You are too large for most types of armour.
You have tough skin. (AC +1)


Message History

Aiming: Corona
Press: ? - help, Shift-Dir - straight line, f/p - gnoll
Aim: a gnoll, wielding a spear (almost dead, chance to defeat MR: 50%)
The gnoll is outlined in light.
The gnoll hits you with a spear!
* * * LOW HITPOINT WARNING * * *
You hit the gnoll but do no damage.
The gnoll is almost dead.
The gnoll hits you with a spear.
* * * LOW HITPOINT WARNING * * *
You barely miss the gnoll.
The gnoll is almost dead.
The gnoll hits you with a spear!
* * * LOW HITPOINT WARNING * * *
You hit the gnoll but do no damage.
The gnoll is severely wounded.
The gnoll misses you.
You hit the gnoll but do no damage.
The gnoll is severely wounded.
The gnoll hits you with a spear!
You die...

█......█...█.█.█.██.......g.███
█...██.█...............%......█
...........█.█.█.██........█
█.█.██.█.█.█.█.█.█ █....█.████
█.█.██.......█.█.█ █..(........
█.█.████.█.█...█.█ █......█████
█.█.████...█...█.█ █.█..█.█
...............█(█ █.█..█.█
███.████.████..█@███.█.....
█..............g......█.██
██████.████.██..........█ █.█
█.████████..███ ..█ █.█ █.█


████ █. .█ █. █ █. You could see a gnoll.

Vanquished Creatures
  4 adders (D:2)
  A worm (D:2)
  2 dart slugs (D:1)
  4 leopard geckos
  6 bats
  4 giant cockroaches
  3 goblins
  4 hobgoblins
  6 jackals
  A kobold (D:1)
  3 frilled lizards
  8 rats
46 creatures vanquished.

Notes
Turn   | Place    | Note
-------+----------+-------------------------------------------
     0 | D:1      | shpingle the Ogre Arcane Marksman began the quest for the Orb.
     0 | D:1      | Reached XP level 1. HP: 19/19 MP: 2/2
   368 | D:1      | Reached XP level 2. HP: 26/28 MP: 3/3
   912 | D:1      | Reached XP level 3. HP: 36/36 MP: 4/4
  1250 | D:2      | Reached skill level 3 in Fighting
  1731 | D:2      | Found a shimmering altar of Xom.
  1761 | D:2      | Reached XP level 4. HP: 45/45 MP: 5/5
  1881 | D:2      | Reached skill level 3 in Maces & Flails
  2116 | D:2      | Learned a level 2 spell: Slow
  2375 | D:2      | Slain by a gnoll

Skill      XL: |  1  2  3  4 |
---------------+-------------+-----
Dodging        | 2 |  2.1
Fighting       | 2 3 |  3.6
Maces & Flails | 1 2 3 |  3.4
Throwing       | |  2.0
Spellcasting   | |  1.4
Hexes          | |  2.1

Action                   |  1- 3 |  4- 6 || total
-------------------------+-------+-------++-------
Melee: Unarmed           |    31 |       ||    31
       Club              |    94 |       ||    94
       Whip              |     2 |    90 ||    92
Throw: Large rock        |     8 |     1 ||     9
       Stone             |    18 |     9 ||    27
 Cast: Corona            |       |     7 ||     7
 Stab: Sleeping          |     1 |       ||     1
       Distracted        |     1 |       ||     1
  Eat: Chunk             |     3 |     2 ||     5
Armor: Robe              |    36 |    23 ||    59
Dodge: Dodged            |    69 |    53 ||   122
